Map: 세룰리안 폴 - 래더

Players

ShoWTimE - Winner!

  • Race: Protoss Protoss
  • Spawn Location: 7:00

Rogue

  • Race: Zerg Zerg
  • Spawn Location: 1:00

Event: HomeStory Cup XVIII

VOD

Have the link to the VOD?

Description

Time

  • Played on: Nov. 22, 2018, 7:30 a.m.
  • Length: 8:00

All games in this series

Show
View Real Time Build Order
Export as new Build Order

ShoWTimE Protoss - Winner!

Build Orders: 1 Gate Expand 

Get SALT Encoding   

  12  0:00  Probe  
  13  0:12  Probe  
  14  0:19  Pylon  
  14  0:24  Probe  
  15  0:33  Probe  
  15  0:42  Probe  
  16  0:43  Gateway  
  16  0:47  Assimilator  
  17  0:52  Probe  
  18  1:04  Probe  
  19  1:16  Probe  
  20  1:25  Nexus  
  20  1:34  Cybernetics Core  
  20  1:37  Probe  
  21  1:42  Assimilator  
  21  1:49  Probe  
  21  1:51  Pylon  
  23  2:01  Probe  
  23  2:02  Adept  
  23  2:13  Probe  
  26  2:20  Stalker  
  26  2:23  Warp Gate  
  26  2:25  Probe  
  29  2:32  Robotics Facility  
  29  2:34  Probe  
  29  2:37  Probe  
  29  2:42  Probe  
  31  2:48  Sentry  
  31  2:49  Probe  
  35  2:52  Probe  
  36  3:02  Probe  
  36  3:04  Probe  
  38  3:09  Warp Prism  
  38  3:14  Probe  
  38  3:15  Gateway  
  38  3:16  Sentry  
  38  3:17  Probe  
  44  3:23  Pylon  
  44  3:26  Probe  
  45  3:33  Probe  
  46  3:35  Immortal  
  46  3:41  Probe  
  46  3:45  Probe  
  46  3:46  Pylon  
  52  3:53  Probe  
  53  3:57  Probe  
  53  3:58  Gateway  
  54  4:04  Phoenix  
  54  4:05  Probe  
  54  4:06  Immortal  
  54  4:07  Assimilator  
  54  4:09  Assimilator, Probe  
  60  4:17  Probe  
  60  4:21  Probe  
  62  4:34  Pylon  
  62  4:37  Gateway  
  62  4:41  Gateway  
  62  4:42  Gateway, Immortal  
  66  4:53  Gateway, Sentry  
  66  4:55  Gateway  
  68  5:01  Pylon  
  68  5:04  Sentry  
  70  5:07  Pylon  
  70  5:15  Pylon  
  70  5:19  Sentry  
  70  5:20  Sentry  
  74  5:21  Probe  
  74  5:22  Observer  
  74  5:23  Pylon  
  76  5:29  Pylon  
  76  5:33  Zealot  
  78  5:45  Stalker x4  
  78  5:49  Zealot x2  
  90  5:51  Sentry  
  90  5:56  Pylon  
  92  5:57  Gateway  
  90  6:12  Sentry x3  
  90  6:13  Zealot x4  
  90  6:16  Zealot  
  104  6:34  Sentry x2  
  104  6:35  Zealot x4  
  104  6:36  Stalker  
  104  6:37  Zealot  
  104  6:58  Sentry x2  
  104  6:59  Zealot x5  
  114  7:06  Sentry  
  100  7:23  Zealot x7  
  104  7:43  Stalker  
  100  7:46  Zealot x3  
  100  7:47  Zealot x3  
  100  7:49  Sentry  
Show
View Real Time Build Order
Export as new Build Order

Rogue Zerg 

Build Orders: Hatch First 

Get SALT Encoding   

  12  0:01  Drone  
  13  0:12  Overlord  
  13  0:17  Drone  
  14  0:31  Drone x2  
  16  0:50  Hatchery  
  16  0:51  Drone  
  16  0:55  Drone  
  17  0:59  Drone  
  18  1:09  Extractor  
  17  1:13  Spawning Pool  
  17  1:17  Drone  
  17  1:21  Drone  
  18  1:28  Drone  
  19  1:38  Drone  
  20  1:50  Hatchery  
  20  1:51  Drone  
  20  2:01  Queen  
  20  2:04  Drone  
  20  2:08  Drone  
  24  2:11  Drone  
  24  2:14  Drone  
  26  2:20  Metabolic Boost  
  26  2:25  Overlord  
  26  2:31  Zergling x2  
  26  2:32  Zergling x2  
  28  2:43  Queen  
  30  2:44  Queen  
  30  2:49  Drone  
  33  2:52  Drone x2  
  33  2:56  Drone  
  36  3:04  Queen  
  36  3:05  Overlord  
  38  3:09  Drone  
  38  3:11  Drone  
  38  3:12  Drone  
  41  3:14  Drone  
  41  3:18  Overlord  
  42  3:23  Queen  
  44  3:27  Zergling x2  
  44  3:28  Zergling x2  
  44  3:29  Drone  
  44  3:33  Overlord  
  47  3:36  Overlord  
  46  3:42  Drone x2  
  46  3:44  Spore Crawler  
  48  3:49  Drone x2  
  48  3:53  Zergling x6  
  48  3:54  Zergling x4  
  55  3:57  Drone x2  
  55  3:58  Drone  
  55  4:02  Drone  
  59  4:07  Overlord, Roach Warren  
  58  4:10  Drone  
  59  4:19  Lair  
  59  4:22  Drone x5  
  64  4:24  Extractor  
  64  4:25  Extractor  
  64  4:28  Drone x2  
  64  4:29  Drone  
  65  4:32  Drone x3  
  65  4:37  Overlord x2  
  68  4:38  Drone  
  68  4:43  Extractor  
  68  4:44  Drone x3  
  71  4:49  Overlord  
  71  4:50  Drone x2, Evolution Chamber  
  72  4:55  Drone x2  
  74  5:05  Roach x3  
  80  5:10  Overlord  
  80  5:11  Overlord  
  80  5:17  Roach x7  
  80  5:18  Overseer  
  93  5:22  Glial Reconstitution  
  93  5:26  Roach  
  93  5:28  Extractor, Zergling x2  
  94  5:29  Zergling x6  
  99  5:36  Spine Crawler  
  99  5:37  Ravager  
  99  5:38  Ravager, Spine Crawler  
  99  5:40  Spine Crawler, Zergling x4  
  99  5:41  Zergling x2  
  99  5:42  Zergling x2  
  101  5:44  Zergling x4  
  101  5:46  Ravager  
  104  5:52  Roach x3  
  104  5:54  Zergling x4  
  104  5:56  Zergling x4  
  113  6:01  Ravager, Overlord  
  113  6:04  Zergling x2  
  113  6:05  Zergling x2  
  113  6:09  Roach  
  112  6:12  Ravager  
  112  6:13  Overlord  
  113  6:18  Overlord  
  113  6:19  Ravager  
  113  6:20  Roach  
  113  6:21  Roach, Zergling x8  
  113  6:34  Roach x5  
  113  6:37  Overlord  
  113  6:39  Zergling x2  
  122  6:40  Zergling x8  
  122  6:42  Overseer  
  123  6:48  Roach x2  
  123  6:53  Roach  
  120  6:55  Ravager  
  120  7:00  Roach x4  
  127  7:02  Zergling x2  
  127  7:08  Roach x2  
  122  7:15  Roach x2  
  109  7:19  Queen, Roach  
  109  7:20  Queen  
  109  7:21  Roach  
  107  7:26  Roach  
  101  7:30  Roach x4  
  101  7:35  Roach  
  99  7:40  Roach x2  
Tags
 
Add a new tag
Caveats
  • Supply blocks, unpowered buildings, or Contaminate may cause inaccurate times.
  • Supply counts are checked every 10 seconds.